 Dungeon Crawl Stone Soup version 0.19.0-9-gfd783f2 (webtiles) character file.

56 Kozmen the Grave Robber (level 3, 0/24 HPs)
             Began as a Vampire Necromancer on Nov 8, 2016.
             Was an Initiate of Dithmenos.
             Slain by a jackal (1 damage)
             ... on level 3 of the Dungeon.
             The game lasted 00:25:34 (2890 turns).

Kozmen the Grave Robber (Vampire Necromancer)       Turns: 2890, Time: 00:25:34

Health: 0/24       AC:  3    Str:  7    XL:     3   Next: 71%
Magic:  4/7        EV: 12    Int: 18    God:    Dithmenos [......]
Gold:   125        SH:  0    Dex: 14    Spells: 2 memorised, 5 levels left

rFire  . . .     SeeInvis +     e - +0 club
rCold  + . .     Gourm    .     a - +0 robe
rNeg   + + .     Faith    .     (no shield)
rPois  +         Spirit   .     (no helmet)
rElec  .         Reflect  .     h - +0 cloak
rCorr  .         Harm     .     (no gloves)
MR     .....                    (no boots)
Stlth  +++.......               (no amulet)
                                (no ring)
                                (no ring)

@: regenerating slowly
A: fangs 3, see invisible, unbreathing
a: Bat Form, Renounce Religion


You were on level 3 of the Dungeon.
You worshipped Dithmenos.
Dithmenos was noncommittal.
You were thirsty.

You visited 1 branch of the dungeon, and saw 3 of its levels.

You collected 125 gold pieces.

Inventory:

Hand Weapons
 e - a +0 club (weapon)
 i - a +0 dagger
 m - a +0 short sword
 v - a +0 whip
Missiles
 d - 112 stones (quivered)
 q - 11 poisoned needles
Armour
 a - a +0 robe (worn)
 h - a +0 cloak (worn)
 p - a +0 robe
 r - a +0 leather armour
 s - a +0 scale mail
 x - a +0 plate armour
 y - a +0 ring mail
Scrolls
 k - 2 scrolls of identify
 o - 2 scrolls of immolation {unknown}
 t - 2 scrolls of noise {unknown}
 u - a scroll of amnesia {unknown}
 w - a scroll of teleportation {unknown}
Potions
 c - 9 potions of blood
 f - 2 potions of degeneration {unknown}
 l - a potion of brilliance {unknown}
 n - 2 potions of magic {unknown}
Books
 b - a book of Necromancy

   Spells                             Type                      Level
   a - Pain                           Necromancy                   1
   b - Animate Skeleton               Necromancy                   1
   c - Vampiric Draining              Necromancy                   3
   d - Regeneration                   Charms/Necromancy            3
   e - Animate Dead                   Necromancy                   4
   f - Control Undead                 Necromancy                   4
Comestibles
 g - 2 bread rations
 j - a royal jelly


   Skills:
 + Level 0.1 Fighting
 + Level 0.1 Maces & Flails
 + Level 2.1 Dodging
 + Level 3.3 Stealth
 + Level 2.7 Spellcasting
 + Level 5.2 Necromancy


You had 5 spell levels left.
You knew the following spells:

 Your Spells              Type           Power        Failure   Level  Hunger
a - Pain                  Necr           ###.         1%          1    #......
b - Animate Skeleton      Necr           N/A          1%          1    #......


Dungeon Overview and Level Annotations

Branches:
Dungeon (3/15)

Altars:
Dithmenos


Innate Abilities, Weirdness & Mutations

You heal slowly.
You have razor-sharp teeth.
You have supernaturally acute eyesight. (SInv)
You can survive without breathing.


Message History

The hound barely misses you. The hound bites you.
* * * LOW HITPOINT WARNING * * *
A giant cockroach comes into view.
The hound bites you.
* * * LOW HITPOINT WARNING * * *
The hound barely misses you.
Casting: Pain
Confirm with . or Enter, or press ? or * to list all spells.
Aiming: Pain
Press: ? - help, Shift-Dir - straight line, f - hound, p - hobgoblin
Aim: a hound (chance to defeat MR: 86%)
The hound writhes in agony!
Casting: Pain
Confirm with . or Enter, or press ? or * to list all spells.
Aiming: Pain
Press: ? - help, Shift-Dir - straight line, f/p - hound
Aim: a hound (moderately wounded, chance to defeat MR: 86%)
The hound writhes in agony!
The hound barely misses you. The jackal bites you.
You die...

##. #........#...........
#.. #.....#..#..####### #.#
###......#..##
#.####.......#..##
####......#.#.#...##
#....######.#....## .
.....##.# #.....)#
..#######.######......#
#...###..h.gh.Sh@##...##
#........######h.s....#
.......#### #.......#####
.......#########...........#
...?.......................#
...............<.)......####
...?.....#######........#
.......#>. #........#
#########.# ########.#


You could see a hound, an adder, 3 jackals, a giant cockroach and a hobgoblin.

Vanquished Creatures
  An ooze (D:2)
  A dart slug (D:1)
  2 leopard geckos
  5 bats
  3 giant cockroaches
  9 hobgoblins
  3 jackals (D:2)
  4 kobolds
  2 quokkas (D:2)
  2 ball pythons
  7 frilled lizards
  3 goblins
  4 rats
46 creatures vanquished.

Vanquished Creatures (others)
  A giant cockroach (D:2)
1 creature vanquished.

Grand Total: 47 creatures vanquished

Notes
Turn   | Place    | Note
-------+----------+-------------------------------------------
     0 | D:1      | Kozmen the Vampire Necromancer began the quest for the Orb.
     0 | D:1      | Reached XP level 1. HP: 13/13 MP: 3/3
    18 | D:1      | Learned a level 1 spell: Animate Skeleton
   400 | D:1      | Reached XP level 2. HP: 19/19 MP: 5/5
   871 | D:1      | Reached skill level 5 in Necromancy
  1275 | D:2      | Found a shadowy altar of Dithmenos.
  1850 | D:2      | Found a faded altar of an unknown god.
  1968 | D:2      | Reached XP level 3. HP: 24/24 MP: 6/6
  2397 | D:2      | Became a worshipper of Dithmenos the Shadowed
  2890 | D:3      | Slain by a jackal

Skill      XL: |  1  2 |
---------------+-------+-----
Necromancy     | 5 |  5.2
Fighting       | |  0.1
Maces & Flails | |  0.1
Dodging        | |  2.1
Stealth        | |  3.3
Spellcasting   | |  2.7

Action                   || total
-------------------------++-------
Melee: Club              ||    22
 Cast: Pain              ||    66
 Abil: End Transformatio ||     1
       Bat Form          ||     1
  Use: Potion            ||     4
       Scroll            ||     2
 Stab: Sleeping          ||     1
Armor: Robe              ||     7
Dodge: Dodged            ||    29
